 Dungeon Crawl Stone Soup version 0.17-a0-1636-g3119f2b (webtiles) character file.

161 PoeticJustice the Covert (level 5, -8/24 HPs)
             Began as a Felid Monk on Aug 6, 2015.
             Mangled by a wight
             ... wielding a cursed +2 halberd
              (10 damage)
             ... on level 4 of the Dungeon.
             The game lasted 00:12:30 (2367 turns).

PoeticJustice the Covert (Felid Monk)               Turns: 2367, Time: 00:12:30

Health: -8/24      AC:  1    Str:  7    XL:     5   Next: 19%
Magic:  6/6        EV: 19    Int: 11    God:
Gold:   222        SH:  0    Dex: 20    Spells: 0 memorised, 4 levels left
                                        Lives:  0   Deaths: 1

rFire  . . .     SeeInvis +       - Unarmed
rCold  . . .     Clarity  .     (armour unavailable)
rNeg   . . .     SustAt   .     (shield unavailable)
rPois  .         Gourm    .     (helmet unavailable)
rElec  .         Spirit   .     (cloak unavailable)
rCorr  .         Warding  .     (gloves unavailable)
rMut   .         Rnd*Tele +     (boots unavailable)
MR     .....                    c - amulet of rage
Stlth  +++++.....               (no ring)
                                i - ring of teleportation (curse)

@: drained, quick, not resistant to hostile enchantments, quite stealthy
A: no armour, no weapons or thrown items, antennae 1, claws 1, fangs 3, see
invisible, carnivore 3, speed 1, shaggy fur 1, slow metabolism 1, sharp paws
a: Evoke Berserk Rage, Evoke Teleportation


You were on level 4 of the Dungeon.
You were completely stuffed.

You visited 1 branch of the dungeon, and saw 4 of its levels.

You collected 222 gold pieces.

Inventory:

Jewellery
 c - an amulet of rage (around neck)
 e - an uncursed amulet of the gourmand
 i - a cursed ring of teleportation (left paw)
Scrolls
 j - 2 scrolls of enchant weapon
 l - a scroll of magic mapping
Potions
 d - a potion of heal wounds
 f - a potion of mutation {unknown}
 g - a potion of curing {unknown}
 h - a potion of poison {unknown}
 m - a potion of brilliance {unknown}
 n - a potion of flight {unknown}
 o - a potion of agility {unknown}
Comestibles
 a - a meat ration
 b - a royal jelly
 k - 6 chunks of flesh
 q - a slice of pizza


   Skills:
 + Level 3.5(3.1) Fighting
 - Level 4.0(3.6) Dodging
 - Level 8.0(7.6) Stealth
 - Level 4.0(3.6) Unarmed Combat


You had 4 spell levels left.
You didn't know any spells.

Dungeon Overview and Level Annotations

Branches:
Dungeon (4/15)
 Temple: D:4-7

Altars:
Elyvilon


Innate Abilities, Weirdness & Mutations

You cannot wear armour.
You are incapable of wielding weapons or throwing items.
You have sharp claws.
You have razor-sharp teeth.
You have supernaturally acute eyesight.
You are carnivorous and can eat meat at any time.
You cover ground quickly.
You are covered in fur (AC +1).
You have a slow metabolism.
Your sharp claws are effective at attacking unaware monsters.
You have a pair of small antennae on your head.


Message History

As you read the scroll of fog, it crumbles to dust.
The scroll dissolves into smoke.
The gnoll shouts!
The wight barely misses you. The wight misses you. The wight barely misses you.
The wight misses you.
You closely miss the wight. The wight misses you.
You closely miss the wight. The wight closely misses you. The gnoll misses you.
You barely miss the wight.
The gnoll shouts!
The wight barely misses you. The wight misses you.
You closely miss the wight.
The gnoll hits you from afar with a halberd.
The wight hits you with a battleaxe!
Ouch! That really hurt!
* * * LOW HITPOINT WARNING * * *
You feel drained.
* * * LOW HITPOINT WARNING * * *
The wight hits you from afar with an enchanted halberd!
You die...

#### ####..)###
####.=g....$##
###..........l.#
##.....l......g..
#....@zgg§§......
#.....§g§§§§g....
#......z§§§§g.g..
#.......§§§§.....
#........§§§.....
##...............
###.............
##............
###....##..go


You could see 2 wights, 3 gnolls and a giant newt.

Vanquished Creatures
  A crimson imp (D:3)
  Jessica (D:2)
  8 adders
  3 gnolls (D:3)
  An ooze (D:2)
  A worm (D:2)
  A giant gecko (D:1)
  A ball python (D:3)
  4 bats
  3 giant cockroaches
  7 goblins
  2 hobgoblins
  8 kobolds
  A quokka (D:2)
  6 rats
48 creatures vanquished.

Notes
Turn   | Place    | Note
--------------------------------------------------------------
     0 | D:1      | PoeticJustice the Felid Monk began the quest for the Orb.
     0 | D:1      | Reached XP level 1. HP: 10/10 MP: 2/2
   135 | D:1      | Reached XP level 2. HP: 7/14 MP: 3/3
   622 | D:1      | Gained mutation: You have a pair of small antennae on your head. [potion of beneficial mutation]
   948 | D:2      | Found a white marble altar of Elyvilon.
   990 | D:2      | Reached skill level 5 in Stealth
   990 | D:2      | Reached XP level 3. HP: 17/17 MP: 4/4
  1271 | D:2      | Noticed Jessica
  1274 | D:2      | Killed Jessica
  1274 | D:2      | Reached skill level 6 in Stealth
  1274 | D:2      | Reached XP level 4. HP: 21/21 MP: 5/5
  1623 | D:3      | Slain by an iguana
  1624 | D:3      | Reached XP level 3. HP: 0/17 MP: 4/4
  1657 | D:3      | Reached skill level 7 in Stealth
  1686 | D:3      | Reached XP level 4. HP: 13/21 MP: 5/5
  2104 | D:3      | Reached skill level 8 in Stealth
  2259 | D:3      | Reached XP level 5. HP: 24/24 MP: 6/6
  2367 | D:4      | Mangled by a wight

Vault maps used:
D:1:      dpeg_arrival_boxorama
D:2:      minmay_misc_feat_tower, elyvilon_altar_1, uniq_jessica
D:3:      first_bread
D:4:      grunt_temple_overflow_open, grunt_ministairs_10, uniq_eustachio

Action                   |  1- 3 |  4- 6 || total
-------------------------+-------+-------++-------
Melee: Unarmed           |    51 |    83 ||   134
  Use: Scroll            |     5 |     6 ||    11
       Potion            |     1 |       ||     1
 Stab: Sleeping          |    10 |    10 ||    20
       Distracted        |     2 |     1 ||     3
  Eat: Chunk             |    13 |     2 ||    15
